 Dungeon Crawl Stone Soup version 0.16-a0-3493-gd9d85f0 (webtiles) character file.

748763 Herrn the Axe Maniac (level 27, 268/271 (273) HPs)
             Began as a Minotaur Hunter on Jan 2, 2015.
             Was the Champion of Zin.
             Quit the game on level 2 of the Depths on Jan 4, 2015.
             The game lasted 08:26:05 (89540 turns).

Herrn the Axe Maniac (Minotaur Hunter)             Turns: 89540, Time: 08:26:05

HP:   268/271 (273) AC: 28    Str: 35    XL:     27
MP:   32/32         EV: 38    Int: 16    God:    Zin [******]
Gold: 5208          SH:  0    Dex: 17    Spells: 10 memorised, 0 levels left

rFire  + + +     SeeInvis +     e - +7 battleaxe "Tesunan" {chop, +Rage Str+3 Stlth+}
rCold  + . .     Clarity  .     A - +4 faerie dragon armour {rF+ rN+ SInv}
rNeg   + + +     SustAb   .     (no shield)
rPois  +         Gourm    .     Q - +2 hat {MR+}
rElec  .         Spirit   .     D - +3 cloak of Flash {+Fly EV+4}
rCorr  .         Warding  +     Y - +2 pair of gloves {archery}
rMut   .         Stasis   .     T - +0 pair of boots
MR     ++++.                    C - amulet "Guukicw" {Ward rN+ Int+3 Dex+3}
Stlth  +.........               y - ring of Okawaru's Approval {rPois rN+ EV+2 Str+3 Int+3 SInv}
                                n - ring "Luqax" {+Blink +Inv rF++ Stlth-}

@: studying Necromancy, incredibly resistant to hostile enchantments, very
unstealthy
A: retaliatory headbutt, horns 2, molten scales 1, clever 1, cold resistance 1,
magic resistance 1, spit poison 1, strong 1
a: Spit Poison, Recite, Vitalisation, Imprison, Sanctuary, Cure All Mutations,
Renounce Religion, Evoke Blink, Evoke Berserk Rage, Evoke Invisibility, Evoke
Flight
}: 5/15 runes: decaying, serpentine, slimy, silver, golden


You were on level 2 of the Depths.
You worshipped Zin.
Zin was exalted by your worship.
You were full.

You visited 12 branches of the dungeon, and saw 63 of its levels.
You visited the Abyss 2 times.
You visited 1 bazaar.
You visited 1 ziggurat, and saw 13 of its levels.
You also visited: Labyrinth, Ice Cave and Volcano.

You collected 11707 gold pieces.
You spent 2877 gold pieces at shops.
You donated 3622 gold pieces to Zin.

Inventory:

Hand weapons
 b - a cursed +9 vampiric executioner's axe
 e - the +7 battleaxe "Tesunan" (weapon) {chop, +Rage Str+3 Stlth+}
   (You found it on level 3 of the Tomb of the Ancients)

   It inflicts extra damage upon your enemies.
   It affects your strength (+3).
   It lets you go berserk.
   It makes you more stealthy.
 J - a +9 triple crossbow of holy wrath
 N - a +9 executioner's axe of venom
Missiles
 c - 1304 bolts
 d - 93 silver bolts
 u - 206 bolts of frost
 E - 221 bolts of flame
 V - 101 steel bolts
Armour
 A - the +4 faerie dragon armour (worn) {rF+ rN+ SInv}
   (You took it off the Enchantress on level 2 of the Depths)

   It protects you from fire.
   It protects you from negative energy.
   It enhances your eyesight.
 D - the +3 cloak of Flash (worn) {+Fly EV+4}
   (You found it on level 11 of a ziggurat)

   It affects your evasion (+4).
   It lets you fly.
 O - the +2 leather armour of Morality {rF++ rC++}
   (You found it on level 11 of a ziggurat)

   It greatly protects you from fire.
   It greatly protects you from cold.
 Q - a +2 hat of magic resistance (worn)
 T - a +0 pair of boots (worn)
 Y - a +2 pair of gloves of archery (worn)
Jewellery
 a - the cursed ring "Asaxoh" {rC+ Str+5 Dex-1}
   (You took it off a balrug on level 2 of the Depths)

   [ring of protection from cold]

   It affects your strength (+5).
   It affects your dexterity (-1).
   It protects you from cold.
   It has a curse placed upon it.
 n - the ring "Luqax" (left hand) {+Blink +Inv rF++ Stlth-}
   (You found it on level 3 of the Depths)

   [ring of loudness]

   It greatly protects you from fire.
   It lets you turn invisible.
   It lets you blink.
   It makes you less stealthy.
 o - the cursed ring of Ypposiep {rN+ MR+ Str+4 Int+2}
   (You took it off a skeletal warrior on level 3 of the Crypt)

   [ring of positive energy]

   It affects your strength (+4).
   It affects your intelligence (+2).
   It protects you from negative energy.
   It affects your resistance to hostile enchantments.
   It has a curse placed upon it.
 y - the ring of Okawaru's Approval (right hand) {rPois rN+ EV+2 Str+3 Int+3 SInv}
   (You found it on level 5 of the Vaults)

   [ring of evasion]

   It affects your evasion (+2).
   It affects your strength (+3).
   It affects your intelligence (+3).
   It protects you from poison.
   It protects you from negative energy.
   It enhances your eyesight.
 B - the cursed ring of Giogia {SustAb Int+2}
   (You found it on level 5 of the Vaults)

   [ring of sustain abilities]

   It sustains your strength, intelligence and dexterity.
   It affects your intelligence (+2).
   It has a curse placed upon it.
 C - the amulet "Guukicw" (around neck) {Ward rN+ Int+3 Dex+3}
   (You found it on level 2 of the Swamp)

   [amulet of warding]

   It may prevent the melee attacks of summoned creatures.
   It affects your intelligence (+3).
   It affects your dexterity (+3).
   It protects you from negative energy.
 U - an uncursed amulet of resist corrosion
 W - a cursed amulet of resist mutation
 Z - the ring of Puziuh {rC+ rN+ Dex+2 Stlth+}
   (You found it on level 3 of the Crypt)

   [ring of positive energy]

   It affects your dexterity (+2).
   It protects you from cold.
   It protects you from negative energy.
   It makes you more stealthy.
Magical devices
 h - a wand of hasting (7)
 q - a wand of teleportation (9)
 H - a wand of disintegration (24)
Scrolls
 j - 6 scrolls of blinking
 k - 25 scrolls of remove curse
 m - 5 scrolls of recharging
 t - 9 scrolls of enchant armour
 w - 9 scrolls of magic mapping
 z - 8 scrolls of identify
 I - 6 scrolls of teleportation
 L - 4 scrolls of enchant weapon
Potions
 i - a potion of experience
 l - 3 potions of berserk rage
 p - 4 potions of agility
 r - 5 potions of mutation
 x - 11 potions of restore abilities
 F - 3 potions of haste
 G - 10 potions of curing
 K - 8 potions of resistance
 M - 8 potions of magic
 R - 2 potions of beneficial mutation
 S - 3 potions of cure mutation
Books
 P - a manual of Necromancy
Comestibles
 f - 37 bread rations
 s - 12 royal jellies
 v - 5 meat rations


   Skills:
 O Level 27 Fighting
 O Level 27 Axes
 O Level 27 Crossbows
 + Level 17.7 Armour
 + Level 26.5 Dodging
 - Level 0.7 Stealth
 * Level 3.0 Charms
 * Level 4.0 Necromancy
 * Level 3.4 Transmutations
 * Level 9.6 Invocations


You couldn't memorise any spells.
You knew the following spells:

 Your Spells              Type           Power        Failure   Level  Hunger
a - Beastly Appendage     Trmt           ##....       10%         1    ##.....
b - Statue Form           Trmt/Erth      #........    100%        6    #######
c - Stoneskin             Trmt/Erth      #.......     21%         2    ###....
d - Regeneration          Chrm/Necr      ##........   17%         3    ####...
e - Shroud of Golubria    Chrm/Tloc      #.........   21%         2    ###....
f - Song of Slaying       Chrm           #.......     12%         2    ###....
g - Swiftness             Chrm/Air       #.......     21%         2    ###....
h - Repel Missiles        Chrm/Air       #.....       21%         2    ###....
i - Flight                Chrm/Air       #.........   38%         3    ####...
j - Ozocubu's Armour      Chrm/Ice       #.......     38%         3    ####...


Dungeon Overview and Level Annotations

Branches:
Dungeon (15/15)            Temple (1/1) D:5            Lair (8/8) D:10
  Swamp (5/5) Lair:6        Snake (5/5) Lair:5        Slime (6/6) Lair:8
    Orc (4/4) D:11            Elf (3/3) Orc:4        Vaults (5/5) D:13
  Crypt (3/3) Vaults:3       Tomb (3/3) Crypt:3      Depths (5/5) D:15
    Zot: Depths:5

Altars:
Ashenzari
Cheibriados
Dithmenos
Elyvilon
Fedhas
Gozag
Kikubaaqudgha
Makhleb
Nemelex Xobeh
Okawaru
Qazlal
Ru
Sif Muna
Trog
Vehumet
Xom
Yredelemnul
Zin
The Shining One
Beogh
Jiyva

Shops:
D:5 =   D:6 :   D:7 %   D:8 (*   D:9 !   D:10 ?   D:12 [%%=*   Orc:4 :*[(
Elf:1 ?   Elf:2 *%([   Snake:2 *   Snake:5 [   Vaults:1 %   Vaults:2 !=:
Vaults:4 (   Depths:2 }

Portals:
Hell: Depths:1 Depths:2 Depths:3
Pandemonium: Depths:3

Annotations:
Elf:2 runed door


Innate Abilities, Weirdness & Mutations

You reflexively headbutt those who attack you in melee.
You have a pair of horns on your head.
You are partially covered in molten scales (AC +1).
Your mind is acute. (Int +2)
Your flesh is cold resistant.
You are resistant to hostile enchantments.
You can spit poison.
Your muscles are strong. (Str +2)


Message History

The Executioner completely misses you.
The Executioner hits you but does no damage.
The Executioner closely misses you.
The Executioner hits you but does no damage.
The Executioner barely misses you.
You open the Executioner like a pillowcase!!!
You kill the Executioner!
You start resting.
Your magical contamination has completely faded away.
You start resting.
You start resting.
You start resting.
You start resting.
You start resting.
You start resting.
You start resting.
Welcome back, Herrn the Minotaur Hunter.
Zin says: Spread the light, my child.
Press ? for a list of commands and other information.
Are you sure you want to abandon this character and quit the game? (Confirm with "yes".)

#......# ###.
####......######.
#####..............#.
#..................#.
#.###..............#.
#..................#.
#..................#.
#..................##
#...@..............#
#..................#
#..................#
#..................#
##.#...............#
#.................#
####..............##
#................
###########.#####


There were no monsters in sight!

Vanquished Creatures
  the royal jelly (Slime:6)
  3 ancient liches
  Khufu (Crypt:1)
  36 greater mummies
  Sojobo (Crypt:1)
  Margery (Crypt:1)
  Norris (Swamp:5)
  Mara (Snake:5)
  2 golden dragons
  Xtahua (Vaults:2)
  2 profane servitors
  4 bone dragons
  the Enchantress (Depths:2)
  A caustic shrike (shapeshifter) (Zig:4)
  An Ice Fiend (IceCv)
  5 tentacled monstrosities
  A quicksilver dragon (Vaults:5)
  19 titans
  12 deep elf master archers
  9 liches
  Asterion (Vaults:1)
  9 deep elf blademasters
  30 acid blobs
  8 sphinxes
  An eldritch tentacle (Vaults:5)
  2 tentacled starspawn (Abyss:1)
  An octopode crusher (Depths:2)
  3 thorn hunters
  Rupert (Swamp:5)
  Agnes (Snake:2)
  5 ancient champions
  2 Executioners
  6 storm dragons
  3 shadow dragons
  A daeva (Abyss:1)
  A draconian monk (Zig:12)
  8 tengu reavers
  20 fire giants
  19 frost giants
  15 azure jellies
  6 revenants
  Donald (Crypt:3)
  A draconian scorcher (Zig:12)
  4 emperor scorpions
  An iron dragon (Depths:2)
  8 vault wardens
  8 deep elf sorcerers
  A draconian knight (Zig:12)
  6 greater nagas
  3 orc warlords
  Aizul (Depths:3)
  4 balrugs
  3 draconian zealots (Zig:12)
  3 curse skulls
  The ghost of BluebellGnoll the Imperceptible, a mighty SpEn of Vehumet (Lair:8)
  Gastronok (Lair:3)
  14 ghouls
  Jorgrun (Crypt:1)
  22 ironheart preservers
  2 draconian callers (Zig:12)
  4 spriggan defenders (Depths:2)
  A draconian annihilator (Zig:12)
  3 war gargoyles
  41 stone giants
  11 reapers
  10 bennus
  A green draconian (Crypt:3)
  A draconian shifter (Zig:12)
  14 very ugly things
  A lorocyproca (Abyss:1)
  13 deep elf annihilators
  2 grey draconians
  11 deep elf demonologists
  A black draconian (Crypt:3)
  2 red draconians
  2 pale draconians
  2 dire elephants
  2 mottled draconians (Zig:12)
  3 white draconians
  2 yellow draconians
  5 unborn
  8 eidola
  A green death (Elf:3)
  Snorg (Snake:2)
  3 merfolk javelineers
  10 death oozes
  A crystal guardian (Vaults:4)
  14 ettins
  5 fire dragons
  12 deep elf death magi
  3 jiangshi
  23 mummy priests
  3 deep elf high priests
  Josephine (Orc:4)
  2 quicksilver dragon zombies
  5 minotaurs
  34 vault guards
  18 yaktaur captains
  11 great orbs of eyes
  6 ice dragons
  The ghost of wojtek the Swashbuckler, a powerful KoAs of Dithmenos (Lair:4)
  Fannar (Lair:3)
  Harold (Lair:3)
  25 hydras
  A quicksilver dragon skeleton (Crypt:1)
  23 naga warriors
  An ice dragon (shapeshifter) (Vaults:4)
  Nessos (D:12)
  2 spriggan air magi
  4 rakshasas (Depths:3)
  6 centaur warriors
  14 anacondas
  6 deep troll shamans
  17 dancing weapons
  25 death yaks
  10 alligators
  3 ghost crabs
  2 tengu warriors
  13 soul eaters
  2 death knights (Crypt:3)
  4 vampire magi
  9 deep troll earth magi
  4 spriggan berserkers
  5 thrashing horrors (Abyss:1)
  18 naga sharpshooters
  A titan zombie (Crypt:1)
  Urug (Orc:2)
  A tengu zombie (Crypt:1)
  A hell hog (Abyss:1)
  A satyr (Zig:10)
  4 shock serpents
  12 spriggans
  12 ogre magi
  A spriggan rider (Swamp:5)
  3 orc high priests (Orc:4)
  4 ice devils (IceCv)
  3 storm dragon zombies
  9 salamander mystics
  4 hell knights (Crypt:1)
  37 deep elf knights
  3 wretched stars (Abyss:1)
  6 sun demons
  53 skeletal warriors
  9 shadow wraiths
  An iron troll (Zig:9)
  42 deep trolls
  2 spatial maelstroms (Abyss:1)
  64 death scarabs
  15 flayed ghosts
  A golden dragon zombie (Crypt:3)
  A catoblepas (Lair:8)
  4 giant orange brains
  A spectral anaconda (Crypt:2)
  8 naga ritualists
  An anaconda zombie (Tomb:3)
  3 shambling mangroves (Swamp:5)
  6 unseen horrors
  3 spriggan druids
  13 ironbrand convokers
  A spectral iron dragon (Tomb:1)
  18 deep elf summoners
  6 hill giants
  10 swamp dragons
  8 wizards
  3 ice statues (IceCv)
  17 anubis guards
  An obsidian statue (Zig:6)
  3 necromancers
  Pikel (D:5)
  An anaconda skeleton (Tomb:1)
  A golden dragon skeleton (Crypt:3)
  An anubis guard (shapeshifter) (Zig:11)
  19 mana vipers
  An oklob plant (Lair:7)
  An iron dragon zombie (Crypt:3)
  5 lindwurms
  7 griffons
  8 harpies
  9 shining eyes
  3 frost giant zombies
  20 orc knights
  A spectral ettin (Crypt:3)
  2 manticores
  5 wolf spiders
  A shadow dragon skeleton (Depths:4)
  25 deep elf conjurers
  A stone giant zombie (Crypt:3)
  37 ugly things
  A draconian (shapeshifter) (Vaults:3)
  3 draconian zombies (Zig:12)
  6 orc sorcerers
  2 tengu skeletons
  4 hornets
  11 vault sentinels
  2 fire giant zombies
  A worldbinder (Abyss:1)
  11 elephants
  2 sixfirhies (Tomb:3)
  3 moths of wrath (Zig:9)
  8 cyclopes
  A guardian serpent (shapeshifter) (Depths:1)
  20 phantasmal warriors
  A black mamba (shapeshifter) (Elf:1)
  42 black mambas
  13 salamanders
  7 eyes of devastation
  2 apocalypse crabs
  A shock serpent zombie (Crypt:3)
  A molten gargoyle (Volcano)
  A spiny frog (shapeshifter) (Vaults:2)
  A rust devil (Tomb:1)
  An elephant (shapeshifter) (Vaults:2)
  A dire elephant zombie (Tomb:3)
  8 guardian serpents
  2 smoke demons (Abyss:1)
  2 gargoyles
  A storm dragon simulacrum (Crypt:3)
  A dire elephant skeleton (Tomb:2)
  21 spiny frogs
  An emperor scorpion zombie (Crypt:3)
  A spectral glowing shapeshifter (Crypt:2)
  4 spriggan skeletons (Depths:4)
  A mottled draconian zombie (Zig:12)
  2 torpor snails
  4 komodo dragons
  23 naga magi
  A grey draconian zombie (Crypt:1)
  3 hellwings
  A tormentor (Abyss:1)
  4 demonic crawlers
  16 small abominations
  2 hellions
  2 orange demons
  2 red devils
  An elf (shapeshifter) (Elf:3)
  6 fire drakes
  3 ancient zymes (Abyss:1)
  4 hydra zombies
  44 guardian mummies
  A queen bee (shapeshifter) (Vaults:2)
  11 trolls
  2 anaconda simulacra
  19 deep elf priests
  2 silent spectres
  A harpy zombie (Crypt:3)
  56 yaktaurs
  Sonja (Orc:4)
  18 large abominations
  13 freezing wraiths
  34 two-headed ogres
  9 blue devils
  8 ravens
  6 giant leeches
  A troll (shapeshifter) (Depths:2)
  10 bog bodies
  6 jumping spiders
  2 baby alligators (Swamp:1)
  A polar bear (Lair:7)
  4 boulder beetles
  25 ushabtiu
  158 slime creatures
  An alligator zombie (Tomb:2)
  3 ice dragon zombies (Crypt:3)
  2 hornet zombies
  A spriggan zombie (Zig:2)
  9 raiju (Abyss:1)
  2 fire dragon zombies (Crypt:3)
  18 shadows
  3 basilisks
  7 water elementals
  The ghost of wojtek the Slicer, an average KoAs (D:4)
  A wyvern (D:5)
  6 starcursed masses (Abyss:1)
  59 flying skulls
  An ice dragon skeleton (Zig:2)
  3 trapdoor spiders
  54 yaks
  19 redbacks
  An alligator skeleton (Tomb:1)
  18 blink frogs
  5 ynoxinuls
  2 dire elephant simulacra (IceCv)
  2 black mamba zombies
  3 vampires
  2 ettin skeletons
  A spriggan (shapeshifter) (Vaults:3)
  27 deep elf magi
  2 humans (shapeshifter)
  A human (D:10)
  2 tarantellas
  17 wraiths
  4 golden eyes (Slime:4)
  9 fire bats
  3 harpy simulacra
  11 hippogriffs
  A yaktaur simulacrum (Vaults:2)
  4 chaos spawn
  8 wargs
  33 swamp worms
  7 hungry ghosts
  24 vampire mosquitoes
  2 steam dragons
  A neqoxec (Abyss:1)
  40 deep elf fighters
  A spectral snapping turtle (Tomb:1)
  Edmund (D:9)
  A spatial vortex (Abyss:1)
  26 insubstantial wisps
  56 nagas
  9 porcupines
  2 iron troll simulacra (IceCv)
  7 raven skeletons (Crypt:3)
  A torturous demonspawn zombie (Crypt:1)
  2 hydra simulacra (IceCv)
  6 ice beasts
  A spiny frog skeleton (Crypt:1)
  13 wolves
  An orb spider zombie (Crypt:1)
  A soldier ant (D:11)
  40 water moccasins
  55 orc warriors
  A slave (D:5)
  3 black bears
  An ice beast (shapeshifter) (Vaults:1)
  3 spiders (Crypt:3)
  6 wasps
  8 eyes of draining
  5 mottled dragons
  11 swamp drakes
  8 centaurs
  59 ogres
  A sky beast (D:14)
  2 human zombies
  2 snapping turtle zombies
  7 boggarts
  A snapping turtle skeleton (Tomb:3)
  21 necrophages
  A boring beetle (Lair:7)
  An ettin simulacrum (IceCv)
  A big kobold (D:14)
  2 human skeletons
  22 giant frogs
  15 crocodiles
  3 lost souls (Crypt:3)
  A glowing shapeshifter simulacrum (Vaults:1)
  A fire drake skeleton (Crypt:1)
  A vine stalker skeleton (Crypt:2)
  2 brain worms
  An elf skeleton (Crypt:1)
  2 wyvern skeletons
  A swamp dragon simulacrum (Crypt:1)
  A water moccasin zombie (D:5)
  3 scorpions
  A yak zombie (Crypt:2)
  A troll zombie (Orc:4)
  15 killer bees
  26 wights
  A lava snake (Volcano)
  A troll skeleton (Tomb:2)
  A killer bee (shapeshifter) (Vaults:5)
  A goliath beetle (D:8)
  7 electric eels
  2 iron imps (Abyss:1)
  5 centaur zombies
  A quasit (Abyss:1)
  8 crimson imps
  34 orc priests
  39 jellies
  3 giant frog zombies
  A two-headed ogre zombie (Vaults:4)
  3 giant frog skeletons
  18 hounds
  5 iguanas
  A demonspawn skeleton (Crypt:1)
  3 centaur skeletons
  40 orc wizards
  13 worker ants
  22 hell rats
  A lightning spire (Zig:9)
  13 sheep
  An ogre zombie (Vaults:4)
  A deep dwarf zombie (Crypt:1)
  A big kobold skeleton (Crypt:2)
  A human simulacrum (Abyss:1)
  65 mummies
  A river rat (shapeshifter) (Vaults:5)
  A worker ant zombie (Crypt:2)
  33 adders
  7 gnolls
  62 river rats
  3 giant mites
  4 white imps
  7 shadow imps
  2 worms
  6 ufetubi (Abyss:1)
  3 adder zombies (D:5)
  2 lava snake zombies
  2 adder skeletons
  A lava snake skeleton (Crypt:2)
  5 giant geckos
  An ooze (D:4)
  223 orcs
  17 bats
  11 giant cockroaches
  31 goblins
  18 hobgoblins
  8 jackals
  18 kobolds
  6 quokkas
  2 ball pythons
  A giant gecko zombie (D:9)
  6 giant newts
  2 giant spores
  A goblin simulacrum (Orc:4)
  A goblin skeleton (Orc:4)
  2 goblin zombies
  A jackal skeleton (D:4)
  A kobold simulacrum (Crypt:3)
  A kobold zombie (Crypt:2)
  A lurking horror (Abyss:1)
  An orc skeleton (Orc:4)
  4 orc zombies
  19 rats
  6 ballistomycetes
  2 briar patches (Swamp:5)
  A butterfly (Lair:6)
  5 crawling corpses
  5 fungi
  9 plants
  3 starspawn tentacles (Abyss:1)
  A starspawn tentacle segment (Abyss:1)
3784 creatures vanquished.

Vanquished Creatures (collateral kills)
  A black mamba (Lair:8)
1 creature vanquished.

Vanquished Creatures (others)
  A vault warden (Vaults:5)
  An ironheart preserver (Vaults:5)
  A stone giant (Crypt:3)
  A corrupter (Zig:13)
  A hell beast (Vaults:5)
  A hydra (Swamp:5)
  A naga warrior (Snake:5)
  A necromancer (Vaults:4)
  A polar bear (Depths:2)
  A wraith (Tomb:1)
  A deep elf fighter (Elf:1)
  2 swamp worms
  A water moccasin (Swamp:3)
  A wasp (Swamp:5)
  An ogre (Vaults:1)
  11 lost souls
  2 human skeletons (Vaults:4)
  A mummy (D:5)
  An ufetubus (Abyss:1)
  2 orcs (Vaults:5)
  2 hobgoblins (D:5)
  A giant spore (D:12)
  A ballistomycete (D:12)
  A crawling corpse (Elf:3)
  48 eldritch tentacle segments (Vaults:5)
  2 fungi
  2 plants (Crypt:3)
  4 starspawn tentacles (Abyss:1)
  10 starspawn tentacle segments (Abyss:1)
104 creatures vanquished.

Grand Total: 3889 creatures vanquished

Notes
Turn   | Place    | Note
--------------------------------------------------------------
     0 | D:1      | Herrn, the Minotaur Hunter, began the quest for the Orb.
     0 | D:1      | Reached XP level 1. HP: 18/18 MP: 1/1
   282 | D:1      | Reached XP level 2. HP: 23/25 MP: 1/1
   811 | D:2      | Reached skill level 5 in Crossbows
   811 | D:2      | Reached skill level 1 in Armour
   811 | D:2      | Reached XP level 3. HP: 30/30 MP: 2/2
  1087 | D:2      | Found a shadowy altar of Dithmenos.
  1680 | D:3      | Reached XP level 4. HP: 37/37 MP: 2/2
  1930 | D:3      | Found a shattered altar of Ashenzari.
  2137 | D:3      | Reached skill level 1 in Axes
  2546 | D:4      | Reached skill level 6 in Crossbows
  2615 | D:4      | Reached XP level 5. HP: 45/45 MP: 2/2
  2897 | D:4      | Found a burning altar of Makhleb.
  3001 | D:4      | Reached XP level 6. HP: 52/52 MP: 3/3
  3002 | D:4      | Found a sparkling altar of Nemelex Xobeh.
  3020 | D:4      | Noticed wojtek's ghost (average KoAs)
  3038 | D:4      | Killed wojtek's ghost
  3063 | D:5      | Entered Level 5 of the Dungeon
  3071 | D:5      | Noticed Pikel
  3089 | D:5      | Killed Pikel
  3089 | D:5      | Reached skill level 5 in Fighting
  3089 | D:5      | Reached skill level 8 in Crossbows
  3089 | D:5      | Reached XP level 7. HP: 40/61 MP: 3/3
  3171 | D:5      | Found a white marble altar of Elyvilon.
  3360 | D:5      | Found a staircase to the Ecumenical Temple.
  3369 | Temple   | Entered the Ecumenical Temple
  3460 | Temple   | Became a worshipper of Warmaster Okawaru
  3634 | D:5      | Found a basalt altar of Yredelemnul.
  3779 | D:5      | Reached XP level 8. HP: 64/69 MP: 3/3
  3834 | D:5      | Noticed a wyvern
  3848 | D:5      | Killed a wyvern
  4157 | D:5      | Found a snail-covered altar of Cheibriados.
  4218 | D:5      | Found Debiack's Jewellery Shop.
  4391 | D:6      | Reached skill level 5 in Axes
  4431 | D:6      | Reached skill level 1 in Invocations
  4680 | D:6      | Acquired Okawaru's first power
  4833 | D:6      | Found a sparkling altar of Nemelex Xobeh.
  5089 | D:6      | Found Niunag's Book Shoppe.
  5094 | D:6      | Reached XP level 9. HP: 79/79 MP: 6/6
  5266 | D:7      | Found Zefaexel's Food Emporium.
  5797 | D:7      | Got an opalescent robe
  6033 | D:7      | Found a glowing silver altar of Zin.
  6119 | D:8      | Found a shimmering altar of Xom.
  6513 | D:8      | Found Inoppipp's General Store.
  6527 | D:8      | Bought 17 bolts of penetration for 122 gold pieces
  6772 | D:8      | Found Shryk's Antique Weapon Shop.
  6778 | D:8      | Reached skill level 5 in Armour
  7168 | D:9      | Reached skill level 9 in Axes
  7168 | D:9      | HP: 1/82 [slime creature (13)]
  7611 | D:9      | Noticed Edmund
  7645 | D:9      | Killed Edmund
  7648 | D:9      | Reached XP level 10. HP: 70/91 MP: 9/10
  7898 | D:9      | Found Smaub's Distillery.
  8319 | D:10     | Entered Level 10 of the Dungeon
  8319 | D:10     | Found a staircase to the Lair.
  8435 | Lair:1   | Entered Level 1 of the Lair of Beasts
  8438 | Lair:1   | Reached skill level 10 in Axes
  8438 | Lair:1   | Reached skill level 5 in Dodging
  8706 | Lair:1   | Reached skill level 10 in Fighting
  8712 | Lair:1   | Noticed a five-headed hydra
  8719 | Lair:1   | Killed a five-headed hydra
  8751 | Lair:1   | Received a gift from Okawaru
  8786 | Lair:1   | Reached XP level 11. HP: 96/100 MP: 12/12
  8907 | Lair:1   | Reached skill level 11 in Axes
  9281 | Lair:2   | Found a labyrinth entrance.
  9290 | Lab      | Entered a labyrinth
  9381 | Lab      | Noticed a minotaur
  9389 | Lab      | Killed a minotaur
  9389 | Lab      | Received a gift from Okawaru
  9406 | Lab      | Got a fine steel ring
  9424 | Lab      | Identified the ring "Guitwok" {rN+ Int+3} (You found it in a labyrinth)
  9876 | Lair:2   | Acquired Okawaru's second power
 10353 | Lair:2   | Noticed a six-headed hydra
 10389 | Lair:2   | Killed a six-headed hydra
 10389 | Lair:2   | Reached skill level 12 in Axes
 10394 | Lair:2   | Received a gift from Okawaru
 11000 | Lair:3   | Noticed Fannar
 11004 | Lair:3   | Noticed Harold
 11015 | Lair:3   | Killed Fannar
 11016 | Lair:3   | Killed Harold
 11016 | Lair:3   | Received a gift from Okawaru
 11087 | Lair:3   | Noticed a six-headed hydra
 11098 | Lair:3   | Killed a six-headed hydra
 12012 | D:10     | Received a gift from Okawaru
 12017 | D:10     | Reached XP level 12. HP: 102/110 MP: 14/14
 12134 | D:10     | Found Xoamyth's Magic Scroll Emporium.
 12143 | D:10     | Bought a scroll of identify for 26 gold pieces
 12143 | D:10     | Bought a scroll of identify for 26 gold pieces
 12143 | D:10     | Bought a scroll of identify for 26 gold pieces
 12276 | D:10     | Reached skill level 10 in Crossbows
 12397 | D:10     | Reached skill level 13 in Axes
 12566 | D:11     | Received a gift from Okawaru
 12863 | D:11     | Found a staircase to the Orcish Mines.
 13244 | D:11     | Noticed a five-headed hydra
 13252 | D:11     | Killed a five-headed hydra
 13252 | D:11     | Received a gift from Okawaru
 13477 | D:11     | Received a gift from Okawaru
 13509 | D:12     | Found Lotiweop's Food Shop.
 13738 | D:12     | Found Ucidagot's Food Shop.
 14054 | D:12     | Received a gift from Okawaru
 14115 | D:12     | Found Igguutof's Assorted Antiques.
 14126 | D:12     | Bought a scroll labeled JIODUITAE for 36 gold pieces
 14126 | D:12     | Bought a scroll of identify for 72 gold pieces
 14369 | D:12     | Found Shryryukh's Armour Shop.
 14423 | D:12     | Noticed Nessos
 15043 | D:12     | Killed Nessos
 15043 | D:12     | Reached skill level 14 in Axes
 15239 | D:12     | Found Ickutela's Jewellery Emporium.
 15887 | D:13     | Received a gift from Okawaru
 16078 | D:13     | Received a gift from Okawaru
 16114 | D:13     | Reached XP level 13. HP: 48/122 MP: 15/15
 16116 | D:13     | Noticed a seven-headed hydra
 16127 | D:13     | Killed a seven-headed hydra
 16383 | D:13     | Found a shattered altar of Ashenzari.
 16870 | Orc:1    | Entered Level 1 of the Orcish Mines
 17141 | Orc:2    | Noticed Urug
 17159 | Orc:2    | Reached skill level 15 in Axes
 17162 | Orc:2    | Killed Urug
 17395 | Orc:1    | Found a roughly hewn altar of Beogh.
 17962 | Orc:4    | Entered Level 4 of the Orcish Mines
 17962 | Orc:4    | Found a staircase to the Elven Halls.
 18328 | Orc:3    | Received a gift from Okawaru
 18439 | Orc:4    | Noticed Josephine
 18452 | Orc:4    | Killed Josephine
 18879 | Orc:3    | Received a gift from Okawaru
 19812 | Orc:4    | Reached skill level 10 in Armour
 20556 | Orc:4    | Noticed Sonja
 20577 | Orc:4    | Killed Sonja
 20740 | Orc:4    | Noticed an orc warlord
 20757 | Orc:4    | Killed an orc warlord
 20757 | Orc:4    | Reached skill level 16 in Axes
 21194 | Orc:4    | Paralysed by an orc sorcerer for 3 turns
 21214 | Orc:4    | Found Ydif's General Store.
 21221 | Orc:4    | Found Mnigomao's Book Shoppe.
 21222 | Orc:4    | Found Rixescha's Antique Armour Shoppe.
 21222 | Orc:4    | Found Ynenorayh's Antique Weapon Emporium.
 21267 | Orc:4    | Bought a brightly glowing ring mail for 216 gold pieces
 21267 | Orc:4    | Bought a polished plate armour for 672 gold pieces
 21278 | Orc:4    | Identified the cursed -1 ring mail "Pieneicw" {SInv} (You bought it in a shop on level 4 of the Orcish Mines)
 21291 | Orc:4    | Identified the +11 plate armour of Vexation {rElec rN+} (You bought it in a shop on level 4 of the Orcish Mines)
 21469 | D:12     | Bought a forked fluorescent wand for 144 gold pieces
 21469 | D:12     | Bought 2 potions of heal wounds for 360 gold pieces
 21653 | Lair:3   | Noticed an eight-headed hydra
 21663 | Lair:3   | Killed an eight-headed hydra
 21733 | Lair:3   | Noticed a five-headed hydra
 21749 | Lair:3   | Killed a five-headed hydra
 21967 | Lair:3   | Noticed Gastronok
 21990 | Lair:3   | Killed Gastronok
 22540 | Lair:3   | Reached XP level 14. HP: 132/132 MP: 15/15
 22926 | Lair:4   | Noticed wojtek's ghost (powerful KoAs)
 22952 | Lair:4   | Killed wojtek's ghost
 24393 | Lair:5   | Found a dark tunnel.
 24402 | Volcano  | Entered a volcano
 24610 | Volcano  | Found a radiant altar of Vehumet.
 24791 | Volcano  | Reached skill level 17 in Axes
 24968 | Lair:5   | Found a staircase to the Snake Pit.
 24997 | Lair:5   | Received a gift from Okawaru
 25821 | Lair:6   | Found a staircase to the Swamp.
 25834 | Lair:6   | Received a gift from Okawaru
 26093 | Lair:6   | Reached skill level 15 in Fighting
 26346 | Lair:6   | Received a gift from Okawaru
 26607 | Lair:7   | Received a gift from Okawaru
 27202 | Lair:7   | Reached skill level 18 in Axes
 28105 | Lair:7   | Reached XP level 15. HP: 131/141 MP: 17/17
 28243 | Lair:8   | Entered Level 8 of the Lair of Beasts
 28289 | Lair:8   | Found a white marble altar of Elyvilon.
 28364 | Lair:8   | Received a gift from Okawaru
 28398 | Lair:8   | Found a viscous altar of Jiyva.
 28744 | Lair:8   | Found a staircase to the Slime Pits.
 28966 | Lair:8   | Received a gift from Okawaru
 28983 | Lair:8   | Gained mutation: You can spit poison. [potion of mutation]
 28983 | Lair:8   | Gained mutation: Your flesh is cold resistant. [potion of mutation]
 28983 | Lair:8   | Gained mutation: Your mind is acute. (Int +2) [potion of mutation]
 28984 | Lair:8   | Gained mutation: You are partially covered in molten scales (AC +1). [potion of beneficial mutation]
 28985 | Lair:8   | Gained mutation: You are resistant to hostile enchantments. [potion of beneficial mutation]
 29028 | Lair:8   | Noticed BluebellGnoll's ghost (mighty SpEn)
 29077 | Lair:8   | Killed BluebellGnoll's ghost
 29470 | Lair:8   | Received a gift from Okawaru
 29954 | Swamp:1  | Entered Level 1 of the Swamp
 30056 | Swamp:1  | Received a gift from Okawaru
 30181 | Swamp:1  | Reached skill level 19 in Axes
 30628 | Snake:1  | Entered Level 1 of the Snake Pit
 30633 | Snake:1  | Received a gift from Okawaru
 30700 | Snake:1  | Received a gift from Okawaru
 30786 | Snake:1  | Gained mutation: Your muscles are strong. (Str +2) [potion of beneficial mutation]
 31159 | Snake:1  | Learned a level 1 spell: Beastly Appendage
 32936 | Lair:5   | Reached skill level 10 in Dodging
 32989 | Snake:2  | Reached XP level 16. HP: 152/152 MP: 18/18
 32998 | Snake:2  | Noticed Snorg
 33006 | Snake:2  | Killed Snorg
 33188 | Snake:2  | Noticed Agnes
 33201 | Snake:2  | Killed Agnes
 33514 | Snake:2  | Found Moim's Assorted Antiques.
 33522 | Snake:2  | Bought a glowing battleaxe for 260 gold pieces
 33679 | Snake:3  | Received a gift from Okawaru
 33794 | Snake:3  | Reached skill level 20 in Axes
 34598 | Snake:4  | Found a frozen archway.
 34605 | IceCv    | Entered an ice cave
 35488 | IceCv    | Noticed an Ice Fiend
 35499 | IceCv    | Killed an Ice Fiend
 35671 | IceCv    | Received a gift from Okawaru
 36079 | Snake:4  | Found a basalt altar of Yredelemnul.
 36751 | Snake:4  | Received a gift from Okawaru
 36752 | Snake:4  | Reached XP level 17. HP: 156/163 MP: 8/18
 36916 | Snake:5  | Entered Level 5 of the Snake Pit
 37074 | Snake:5  | Reached skill level 21 in Axes
 37165 | Snake:5  | Received a gift from Okawaru
 37193 | Snake:5  | Found Keocexza's Antique Armour Shop.
 37209 | Snake:5  | Bought a glowing cloak for 202 gold pieces
 37397 | Snake:5  | Noticed Mara
 37456 | Snake:5  | Received a gift from Okawaru
 37523 | Snake:5  | Killed Mara
 37523 | Snake:5  | Received a gift from Okawaru
 38426 | Snake:5  | Received a gift from Okawaru
 38619 | Snake:5  | Reached skill level 22 in Axes
 38622 | Snake:5  | Received a gift from Okawaru
 38639 | Snake:5  | Received a gift from Okawaru
 38654 | Snake:5  | Got a serpentine rune of Zot
 39477 | Swamp:2  | Got a clouded copper amulet
 39479 | Swamp:2  | Identified the amulet "Guukicw" {Ward rN+ Int+3 Dex+3} (You found it on level 2 of the Swamp)
 39757 | Swamp:2  | Reached XP level 18. HP: 165/174 MP: 19/19
 41377 | Swamp:5  | Entered Level 5 of the Swamp
 41377 | Swamp:5  | Noticed Norris
 41387 | Swamp:5  | Killed Norris
 41476 | Swamp:5  | Noticed Rupert
 41487 | Swamp:5  | Killed Rupert
 41854 | Swamp:5  | Received a gift from Okawaru
 42232 | Swamp:5  | Reached skill level 23 in Axes
 42392 | Swamp:5  | Got a decaying rune of Zot
 42495 | Swamp:5  | Received a gift from Okawaru
 43399 | Elf:1    | Entered Level 1 of the Elven Halls
 43550 | Elf:1    | Received a gift from Okawaru
 43620 | Elf:1    | Identified the Guide on Battle Magic
 43646 | Elf:1    | Identified a +0 rod of clouds (13/13) (You found it on level 1 of the Elven Halls)
 43663 | Elf:1    | Found Wudwoodai's Magic Scroll Boutique.
 43784 | Elf:1    | Received a gift from Okawaru
 44455 | Elf:2    | Found Frirpheng's Antique Armour Emporium.
 44495 | Elf:2    | Found Skaxtepp's Food Shop.
 44564 | Elf:2    | Found Gauchar's Assorted Antiques.
 44583 | Elf:2    | Found a flickering gateway to a bazaar.
 44593 | Bazaar   | Entered a bazaar
 44597 | Bazaar   | Found Plu Teox's Jewellery Shop.
 44599 | Bazaar   | Found Camucief's Antique Armour Shop.
 44667 | Bazaar   | Bought a shimmering leather armour for 168 gold pieces
 44693 | Bazaar   | Identified the +1 leather armour of Himih {SInv} (You bought it in a shop in a bazaar)
 44701 | Bazaar   | Bought an uncursed ring of protection from fire for 300 gold pieces
 44805 | Elf:2    | Reached XP level 19. HP: 71/184 MP: 20/20
 45150 | Elf:2    | Found a runed gate.
 45151 | Elf:2    | Found a runed gate.
 45151 | Elf:2    | Found a runed gate.
 45887 | Elf:2    | Found Eveupp's Antique Weapon Emporium.
 46225 | Elf:3    | Entered Level 3 of the Elven Halls
 46899 | Elf:3    | Received a gift from Okawaru
 47020 | Elf:3    | Reached skill level 24 in Axes
 47035 | Elf:3    | Reached skill level 15 in Crossbows
 47458 | Elf:3    | Received a gift from Okawaru
 47477 | Elf:3    | Received a gift from Okawaru
 47568 | Elf:3    | Got a flickering bronze ring
 47570 | Elf:3    | Identified the ring of Kaopigh {Wiz Int+5} (You took it off a deep elf annihilator on level 3 of the Elven Halls)
 47577 | Elf:3    | Got an iridescent flail
 47579 | Elf:3    | Identified the cursed +7 flail of Terror {elec, rC+ MR++} (You took it off a deep elf demonologist on level 3 of the Elven Halls)
 47590 | Elf:3    | Got a translucent great mace {flame}
 47591 | Elf:3    | Identified the +6 great mace of Demand {flame, rC+ Str+2} (You took it off a deep elf demonologist on level 3 of the Elven Halls)
 47808 | Elf:3    | Identified Xaawnip's Compendium of Damaging Cold (You found it on level 3 of the Elven Halls)
 47930 | Elf:3    | Got an ancient ruby amulet
 47936 | Elf:3    | Identified the amulet of Afiamuawk {Spirit MR++ SInv} (You took it off a deep elf sorcerer on level 3 of the Elven Halls)
 48012 | Elf:2    | Bought a scorched chain mail for 247 gold pieces
 48022 | Elf:2    | Identified the cursed -5 chain mail of Boredom {+Fly rElec Dex+2} (You bought it in a shop on level 2 of the Elven Halls)
 48175 | D:13     | Noticed a vault guard
 48175 | D:13     | Noticed a vault guard
 48175 | D:13     | Noticed a vault guard
 48176 | D:13     | Found a gate to the Vaults.
 48176 | D:13     | Noticed a vault guard
 48176 | D:13     | Noticed a vault guard
 48176 | D:13     | Noticed a vault guard
 48177 | D:13     | Noticed a vault guard
 48178 | D:13     | Noticed a vault guard
 48183 | D:13     | Killed a vault guard
 48187 | D:13     | Killed a vault guard
 48190 | D:13     | Killed a vault guard
 48200 | D:13     | Killed a vault guard
 48202 | D:13     | Killed a vault guard
 48207 | D:13     | Killed a vault guard
 48212 | D:13     | Killed a vault guard
 48218 | D:13     | Killed a vault guard
 48314 | D:13     | Noticed a centaur warrior
 48319 | D:13     | Killed a centaur warrior
 48964 | D:14     | Reached XP level 20. HP: 191/195 MP: 20/20
 49267 | D:15     | Entered Level 15 of the Dungeon
 49439 | D:15     | Learned a level 6 spell: Statue Form
 49442 | D:15     | Learned a level 2 spell: Stoneskin
 49514 | D:15     | Found a sacrificial altar of Ru.
 49702 | D:15     | Found a staircase to the Depths.
 50222 | Depths:1 | Entered Level 1 of the Depths
 50368 | Depths:1 | Got a smoking cloak
 50379 | Depths:1 | Identified the +5 cloak "Cifedok" {+Inv SInv} (You found it on level 1 of the Depths)
 50438 | Depths:1 | Reached skill level 25 in Axes
 50500 | Depths:1 | Received a gift from Okawaru
 50713 | Depths:1 | Found a gateway to Hell.
 51062 | Depths:1 | Received a gift from Okawaru
 51393 | Depths:2 | Received a gift from Okawaru
 51414 | Depths:2 | Noticed the Enchantress
 51424 | Depths:2 | Killed the Enchantress
 51484 | Depths:2 | Got a faerie dragon armour
 51485 | Depths:2 | Identified the +4 faerie dragon armour {rF+ rN+ SInv} (You took it off the Enchantress on level 2 of the Depths)
 51699 | Depths:2 | Got a shimmering silver amulet
 51700 | Depths:2 | Identified the amulet of the Evening {Stasis +Fly rC+} (You found it on level 2 of the Depths)
 51724 | Depths:2 | Got a heavily runed steel ring
 51726 | Depths:2 | Identified the ring "Asaxoh" {rC+ Str+5 Dex-1} (You took it off a balrug on level 2 of the Depths)
 51838 | Depths:2 | Found Xigeefeg's Gadget Shoppe.
 51904 | Depths:2 | Received a gift from Okawaru
 51905 | Depths:2 | Cast into the Abyss (a lich)
 52453 | Abyss:1  | Reached XP level 21. HP: 200/206 MP: 21/21
 52462 | Depths:2 | Escaped the Abyss
 52912 | Depths:2 | Reached skill level 26 in Axes
 53614 | Depths:2 | Found a gateway to a ziggurat.
 53961 | Depths:3 | Received a gift from Okawaru
 54406 | Depths:3 | Found a one-way gate leading to the halls of Pandemonium.
 54462 | Depths:3 | Noticed Aizul
 54473 | Depths:3 | Killed Aizul
 54673 | Depths:3 | Received a gift from Okawaru
 54852 | Depths:3 | Got a scorched granite ring
 54853 | Depths:3 | Identified the ring "Luqax" {+Blink +Inv rF++ Stlth-} (You found it on level 3 of the Depths)
 54893 | Depths:3 | You fall through a shaft for 2 floors!
 54893 | Depths:5 | Entered Level 5 of the Depths
 54922 | Depths:4 | Reached skill level 15 in Armour
 54938 | Depths:4 | Received a gift from Okawaru
 55950 | Vaults:1 | Entered Level 1 of the Vaults
 56099 | Vaults:1 | Reached XP level 22. HP: 217/217 MP: 21/21
 56241 | Vaults:1 | Reached skill level 27 in Axes
 56316 | Vaults:1 | Reached skill level 15 in Dodging
 56439 | Vaults:1 | Noticed Asterion
 56452 | Vaults:1 | Killed Asterion
 56611 | Vaults:1 | Found a white marble altar of Elyvilon.
 56903 | Vaults:1 | Found Qiuz's Food Shop.
 57125 | Vaults:1 | Received a gift from Okawaru
 57133 | Vaults:1 | Got a faintly humming cloak {god gift}
 57144 | Vaults:1 | Identified the -4 cloak of Happiness {Str-3 Dex+2} (Okawaru gifted it to you on level 1 of the Vaults)
 57416 | Vaults:2 | Found Tratt's Book Shop.
 57425 | Vaults:2 | Noticed Xtahua
 57440 | Vaults:2 | Killed Xtahua
 57717 | Vaults:2 | Found Sucun's Jewellery Shop.
 58279 | Vaults:2 | Found Pneumn's Distillery.
 58889 | Vaults:3 | Identified the Compendium of the Shifting Volcanoes (You found it on level 3 of the Vaults)
 58923 | Vaults:3 | Received a gift from Okawaru
 59046 | Vaults:3 | Found a staircase to the Crypt.
 59046 | Vaults:3 | Found an ancient bone altar of Kikubaaqudgha.
 59047 | Vaults:3 | Found a basalt altar of Yredelemnul.
 59448 | Vaults:3 | Reached XP level 23. HP: 229/229 MP: 22/22
 59742 | Vaults:4 | Received a gift from Okawaru
 60321 | Vaults:4 | Found Ytait's Weapon Emporium.
 60639 | Vaults:5 | Entered Level 5 of the Vaults
 60654 | Vaults:5 | Received a gift from Okawaru
 60672 | Vaults:5 | Received a gift from Okawaru
 60685 | Vaults:5 | Received a gift from Okawaru
 60780 | Vaults:5 | Received a gift from Okawaru
 61152 | Vaults:5 | Noticed an ancient lich
 61157 | Vaults:5 | Reached XP level 24. HP: 230/245 MP: 20/22
 61172 | Vaults:5 | Received a gift from Okawaru
 61176 | Vaults:5 | Received a gift from Okawaru
 61426 | Vaults:5 | Killed an ancient lich
 61495 | Vaults:5 | Got an opal-encrusted ring mail
 61496 | Vaults:5 | Identified the +6 ring mail of the Tundras {+Fly rN+ Curse} (You took it off an orc warrior on level 5 of the Vaults)
 61652 | Vaults:5 | Identified the Disquisition on Attacks and the Volcanoes (You found it on level 5 of the Vaults)
 61712 | Vaults:5 | Got a smoking silver ring
 61714 | Vaults:5 | Identified the ring of Okawaru's Approval {rPois rN+ EV+2 Str+3 Int+3 SInv} (You found it on level 5 of the Vaults)
 61718 | Vaults:5 | Got a crude scale mail
 61719 | Vaults:5 | Identified the +5 scale mail of Jiuj {+Blink rF+ Int+3} (You found it on level 5 of the Vaults)
 61732 | Vaults:5 | Got a coiled pewter ring
 61735 | Vaults:5 | Identified the ring of Giogia {SustAb Int+2} (You found it on level 5 of the Vaults)
 61925 | Vaults:5 | Got a silver rune of Zot
 62166 | Vaults:5 | Upgraded the game from 0.16-a0-3465-g53c7d0b to 0.16-a0-3472-g5ce0ac0
 62489 | Vaults:5 | Learned a level 3 spell: Regeneration
 62962 | Vaults:4 | Got a steaming ring mail
 62963 | Vaults:4 | Identified the +2 ring mail of the Desert {Str-5 Dex+2} (You took it off a deep elf priest on level 4 of the Vaults)
 63247 | D:7      | Fell from the grace of Okawaru
 63247 | D:7      | Became a worshipper of Zin the Law-Giver
 63247 | D:7      | Acquired Zin's first power
 63247 | D:7      | Acquired Zin's second power
 63260 | D:7      | Donated 2282 gold pieces to Zin
 63261 | D:7      | Donated 1141 gold pieces to Zin
 63276 | D:7      | Acquired Zin's third power
 63462 | Temple   | Acquired Zin's fourth power
 64190 | Temple   | Fell from the grace of Zin
 64190 | Temple   | Became a worshipper of the Shining One
 64190 | Temple   | Acquired the Shining One's first power
 64190 | Temple   | Acquired the Shining One's second power
 64673 | Crypt:1  | Entered Level 1 of the Crypt
 64683 | Crypt:1  | Noticed Jorgrun
 64685 | Crypt:1  | Noticed Sojobo
 64696 | Crypt:1  | Killed Sojobo
 64697 | Crypt:1  | Killed Jorgrun
 64721 | Crypt:1  | Noticed Margery
 64724 | Crypt:1  | Acquired the Shining One's third power
 64733 | Crypt:1  | HP: 1/247 [Margery/bolt of fire (16)]
 65584 | Crypt:1  | Killed Margery
 65648 | Crypt:1  | Noticed a greater mummy
 65649 | Crypt:1  | Noticed Khufu
 65659 | Crypt:1  | Killed a greater mummy
 65667 | Crypt:1  | Killed Khufu
 66063 | Crypt:1  | Acquired the Shining One's fourth power
 67149 | Crypt:2  | Reached XP level 25. HP: 253/255 MP: 23/23
 67562 | Temple   | Identified a +9 triple crossbow of holy wrath (a +8 triple crossbow of freezing blessed by the Shining One)
 68354 | Crypt:3  | Entered Level 3 of the Crypt
 68939 | Crypt:3  | Found a staircase to the Tomb.
 70156 | Crypt:3  | Found a basalt altar of Yredelemnul.
 70316 | Crypt:3  | Noticed Donald
 70325 | Crypt:3  | Killed Donald
 70665 | Crypt:3  | Got a wavering granite ring
 70666 | Crypt:3  | Identified the ring of Ypposiep {rN+ MR+ Str+4 Int+2} (You took it off a skeletal warrior on level 3 of the Crypt)
 70668 | Crypt:3  | Got a bloodstained scale mail
 70669 | Crypt:3  | Identified the +2 scale mail of the Arcane {SInv} (You took it off a skeletal warrior on level 3 of the Crypt)
 70849 | Crypt:3  | Got a smoking iron ring
 70852 | Crypt:3  | Identified the ring of Puziuh {rC+ rN+ Dex+2 Stlth+} (You found it on level 3 of the Crypt)
 70856 | Crypt:3  | Got a slimy granite ring
 71448 | Tomb:1   | Entered Level 1 of the Tomb of the Ancients
 71689 | Tomb:1   | HP: 11/255 [titan[the fury of Okawaru] (2)]
 72615 | Tomb:1   | Was forgiven by Okawaru
 73230 | Tomb:1   | Paralysed by a sphinx for 2 turns
 74105 | Tomb:1   | Identified the ring of Foariz {rN+ Int+2 Stlth--} (You found it on level 3 of the Crypt)
 74108 | Tomb:1   | Got a twitching ruby amulet
 74109 | Tomb:1   | Identified the amulet "Paet" {Gourm rC- Str+2 Slay+3} (You took it off an ushabti on level 1 of the Tomb of the Ancients)
 75018 | D:7      | Fell from the grace of the Shining One
 75018 | D:7      | Became a worshipper of Zin the Law-Giver
 75531 | Tomb:1   | Reached XP level 26. HP: 70/261 MP: 23/23
 78857 | Tomb:1   | Reached skill level 27 in Crossbows
 78881 | Tomb:1   | Reached XP level 27. HP: 200/266 MP: 24/24
 79590 | Tomb:3   | Entered Level 3 of the Tomb of the Ancients
 81190 | Tomb:3   | Cast into the Abyss (a Zot trap)
 81245 | Abyss:1  | Reached skill level 27 in Fighting
 81999 | Abyss:1  | Paralysed by you for 4 turns
 82018 | Abyss:1  | Found a sacrificial altar of Ru.
 82047 | Abyss:1  | Found a corrupted altar of Lugonu.
 82098 | Tomb:3   | Escaped the Abyss
 82227 | Tomb:3   | Got a transparent battleaxe
 82232 | Tomb:3   | Identified the +7 battleaxe "Tesunan" {chop, +Rage Str+3 Stlth+} (You found it on level 3 of the Tomb of the Ancients)
 82306 | Tomb:3   | Got a golden rune of Zot
 83523 | Slime:1  | Entered Level 1 of the Pits of Slime
 83984 | Slime:2  | Reached skill level 5 in Invocations
 86309 | Slime:6  | Entered Level 6 of the Pits of Slime
 86798 | Slime:6  | Noticed the royal jelly
 86820 | Slime:6  | Killed the royal jelly
 87128 | Slime:6  | Identified the Grimoire of Dark Secrets
 87138 | Slime:6  | Got a faintly glowing brass amulet
 87150 | Slime:6  | Identified the amulet "Jacudd" {Stasis +Inv rC- SInv} (You found it on level 6 of the Pits of Slime)
 87159 | Slime:6  | Learned a level 2 spell: Shroud of Golubria
 87162 | Slime:6  | Learned a level 2 spell: Song of Slaying
 87181 | Slime:6  | Got a slimy rune of Zot
 87188 | Slime:6  | Identified the Compendium of the Harmful Volcanoes
 87197 | Slime:6  | Got an ivory battleaxe
 87199 | Slime:6  | Identified the +9 battleaxe "Arbiter" {freeze, *Rage rPois Dex+3 SInv} (You found it on level 6 of the Pits of Slime)
 87774 | Depths:2 | Upgraded the game from 0.16-a0-3472-g5ce0ac0 to 0.16-a0-3493-gd9d85f0
 87776 | Zig:1    | Entered Level 1 of a ziggurat
 87793 | Zig:2    | Entered Level 2 of a ziggurat
 87823 | Zig:3    | Entered Level 3 of a ziggurat
 87885 | Zig:3    | Got a jewelled chain mail
 87899 | Zig:3    | Identified the cursed -11 chain mail of Music {Int-3 Dex+2} (You found it on level 3 of a ziggurat)
 87919 | Zig:4    | Entered Level 4 of a ziggurat
 87964 | Zig:4    | Got a faintly glowing amber ring
 87974 | Zig:4    | Identified the ring of Psychosis {+Fly rF+} (You found it on level 4 of a ziggurat)
 87990 | Zig:5    | Entered Level 5 of a ziggurat
 87999 | Zig:5    | Noticed an ancient lich
 88008 | Zig:5    | Killed an ancient lich
 88044 | Zig:6    | Entered Level 6 of a ziggurat
 88145 | Zig:6    | Learned a level 2 spell: Swiftness
 88153 | Zig:7    | Entered Level 7 of a ziggurat
 88228 | Zig:7    | Learned a level 2 spell: Repel Missiles
 88232 | Zig:7    | Learned a level 3 spell: Flight
 88277 | Zig:8    | Entered Level 8 of a ziggurat
 88311 | Zig:8    | Reached skill level 1 in Necromancy
 88374 | Zig:8    | Got a translucent lapis lazuli ring
 88383 | Zig:8    | Identified the ring of Morality {-Cast Int+1} (You found it on level 8 of a ziggurat)
 88398 | Zig:9    | Entered Level 9 of a ziggurat
 88417 | Zig:9    | Reached skill level 1 in Charms
 88417 | Zig:9    | Reached skill level 1 in Transmutations
 88514 | Zig:10   | Entered Level 10 of a ziggurat
 88713 | Zig:11   | Entered Level 11 of a ziggurat
 88721 | Zig:11   | Noticed an ancient lich
 88722 | Zig:11   | Killed an ancient lich
 88876 | Zig:11   | Got a warped leather armour
 88888 | Zig:12   | Entered Level 12 of a ziggurat
 88994 | Zig:12   | Got a pitted leather armour
 89000 | Zig:12   | Got an ancient tin ring
 89002 | Zig:12   | Got a clouded steel ring
 89019 | Zig:12   | Identified the +3 leather armour "Rurpheyrph" {Str+1 Dex+3} (You found it on level 12 of a ziggurat)
 89029 | Zig:12   | Identified the +2 leather armour of Morality {rF++ rC++} (You found it on level 11 of a ziggurat)
 89032 | Zig:12   | Identified the ring of Leaves {+/*Tele Stlth+} (You found it on level 12 of a ziggurat)
 89034 | Zig:12   | Identified the ring "Qausaid" {Dex+2 Stlth--} (You found it on level 12 of a ziggurat)
 89043 | Zig:12   | Identified the Reference Book on Ensnaring Snow (You found it on level 12 of a ziggurat)
 89056 | Zig:12   | Learned a level 3 spell: Ozocubu's Armour
 89080 | Zig:13   | Entered Level 13 of a ziggurat
 89111 | Zig:13   | Noticed Nebev the pandemonium lord
 89117 | Zig:13   | HP: 12/271 [hell beast (7)]
 89540 | Depths:2 | Quit the game

Action                   |  1- 3 |  4- 6 |  7- 9 | 10-12 | 13-15 | 16-18 | 19-21 | 22-24 | 25-27 || total
-------------------------+-------+-------+-------+-------+-------+-------+-------+-------+-------++-------
Melee: Hand axe          |       |    25 |   151 |       |       |       |       |       |       ||   176
       Battleaxe         |       |       |   185 |   617 |  1361 |  1405 |    95 |   292 |   463 ||  4418
       Dire flail        |       |       |       |    33 |    38 |   180 |       |       |       ||   251
       Executioner's axe |       |       |       |       |       |       |  1112 |   826 |   259 ||  2197
 Fire: Hand crossbow     |   104 |   116 |     6 |       |       |       |       |       |       ||   226
       Arbalest          |       |       |       |       |    31 |       |       |       |       ||    31
       Triple crossbow   |       |       |       |       |       |       |       |     5 |  1265 ||  1270
 Cast: Repel Missiles    |       |       |       |       |       |       |       |       |     5 ||     5
Invok: Heroism           |       |       |     4 |    13 |    26 |    19 |    16 |     8 |       ||    86
       Finesse           |       |       |       |       |     2 |     1 |     2 |       |       ||     5
       Vitalisation      |       |       |       |       |       |       |       |       |    29 ||    29
Evoke: Wand              |       |       |     3 |     4 |     2 |     2 |     1 |     1 |     6 ||    19
  Use: Scroll            |       |       |    12 |    21 |    21 |     8 |    27 |    15 |    27 ||   131
       Potion            |       |       |     3 |     3 |     8 |     7 |     4 |     7 |    29 ||    61
 Stab: Confused          |       |       |       |       |       |     1 |       |       |       ||     1
       Distracted        |       |       |       |       |       |       |     1 |     1 |     1 ||     3
       Sleeping          |       |       |       |       |       |       |       |       |     3 ||     3
  Eat: Chunk             |     1 |     5 |    14 |    15 |    29 |    20 |    11 |     6 |       ||   101
       Pizza             |       |       |     3 |     2 |     1 |     7 |     2 |     2 |       ||    17
       Fruit             |       |       |       |    15 |    25 |     5 |     5 |    21 |       ||    71
       Beef jerky        |       |       |       |     2 |       |     4 |     8 |     5 |     2 ||    21
       Royal jelly       |       |       |       |       |     1 |     1 |       |       |       ||     2
       Meat ration       |       |       |       |       |       |     2 |     3 |     1 |    13 ||    19
